 Dungeon Crawl Stone Soup version 0.31.0-1-g2c135a0 (webtiles) character file.

Game seed: 12773076431688575653

179 xade the Magician (level 5, -8/37 HPs)
             Began as a Djinni Conjurer on Feb 17, 2024.
             Mangled by an orc warrior
             ... wielding a +0 trident
              (12 damage)
             ... on level 4 of the Dungeon.
             The game lasted 00:03:39 (2382 turns).

xade the Magician (Djinni Conjurer)                 Turns: 2382, Time: 00:03:41

Health: -8/37      AC:  2    Str:  6    XL:     5   Next: 90%
Gold:   80         EV: 12    Int: 21    God:
                   SH:  0    Dex: 12

rFire   + + .        n - +3 dagger (vamp)
rCold   x . .        (no shield)
rNeg    . . .        a - +0 robe
rPois   ∞            (no helmet)
rElec   .            (no cloak)
rCorr   .            (no gloves)
SInv    .            (boots unavailable)
Will    .....        (no amulet)
Stlth   ++           r - ring of wizardry
HPRegen 0.26/turn    (no ring)
MPRegen 0.00/turn

%: wizardry (x1), infuse magic (-9 HP)
@: flying
A: sickness immunity, fire resistance 2, cold vulnerability 1, float, innate
caster, HP casting, extra vitality 1
a: no special abilities


You were on level 4 of the Dungeon.
You visited 1 branch of the dungeon, and saw 4 of its levels.

You collected 80 gold pieces.

Inventory:

Hand Weapons
 n - a +3 vampiric dagger (weapon)
Armour
 a - a +0 robe (worn)
Magical Staves
 l - a staff of cold
Jewellery
 r - a ring of wizardry (left hand)
Talismans
 d - a flux talisman
Scrolls
 b - 2 scrolls of fog
 p - a scroll of teleportation
Potions
 c - 2 potions of curing
 f - a potion of mutation
 g - a potion of berserk rage
 h - a potion of degeneration
 i - 2 potions of lignification
 m - a potion of brilliance {unknown}
 o - a potion of ambrosia {unknown}
 s - 2 potions of attraction {unknown}
 t - a potion of heal wounds {unknown}


   Skills:
 + Level 1.0 Fighting
 - Level 2.8 Dodging
 - Level 2.1 Stealth
 + Level 5.0 Spellcasting
 + Level 5.0 Conjurations
 + Level 5.0 Hexes
 + Level 5.0 Summonings
 + Level 5.0 Necromancy
 + Level 5.0 Translocations
 + Level 5.0 Fire Magic
 + Level 5.0 Ice Magic
 + Level 5.0 Air Magic
 + Level 5.0 Earth Magic
 + Level 5.0 Alchemy


You knew the following spells:

 Your Spells              Type           Power      Damage    Failure   Level
a - Magic Dart            Conj           100%       1d8       1%          1
b - Searing Ray           Conj           52%        2d6       1%          2
c - Fulminant Prism       Conj/Alch      13%        3d8       6%          4
d - Iskenderun's Mystic   Conj/Tloc      26%        2d7       6%          4
e - Freeze                Ice            100%       1d10      1%          1
f - Call Imp              Summ           52%        N/A       1%          2
Your spell library was empty.

Dungeon Overview and Level Annotations

Branches:
Dungeon (4/15)
 Temple: D:4-7

Altars:

Annotations:
D:1 1 transporter


Innate Abilities, Weirdness & Mutations

You are immune to sickness and miasma.
You are immune to poison.
Your flesh is very heat resistant. (rF++)
You are vulnerable to cold. (rC-)
You float through the air rather than walking.
You learn spells naturally, not from books.
Your magical power is your life essence.
You have superior vitality. (+4 MHP)


Message History

The magic dart hits the orc!
You kill the orc!
You can't see any susceptible monsters within range! (Use Z to cast anyway.)
You can't see any susceptible monsters within range! (Use Z to cast anyway.)
An orc warrior, an orc wizard and an orc come into view.
Things that are here:
a +0 club; a goblin corpse
There are monsters nearby!
The magic dart hits the orc warrior but does no damage.
The orc warrior shouts!
The orc wizard shouts!
The orc shouts!
The magic dart hits the orc warrior.
The orc warrior is moderately wounded.
The magic dart hits the orc warrior but does no damage.
The orc warrior is lightly wounded.
The orc wizard gestures wildly while chanting.
The orc wizard flickers and vanishes!
Deactivating autopickup; reactivate with Ctrl-A.
The orc warrior hits you from afar with a +0 trident!
Casting: Magic Dart (safe; 1% risk of failure)
Confirm with . or Enter, or press ? or * to list all spells.
Aiming: Searing Ray (safe; 1% risk of failure)
Press: ? - help, Shift-Dir - straight line, p - orc warrior The searing ray hits the orc warrior but does no damage.
The orc warrior is lightly wounded. (Press . to maintain the ray.)
The orc warrior hits you from afar with a +0 trident!
Unknown command.
The searing ray hits the orc warrior.
The orc warrior is moderately wounded.
The searing ray hits the orc.
The orc is heavily wounded.
The orc warrior hits you from afar with a +0 trident!
* * * LOW HITPOINT WARNING * * *
The searing ray hits the orc warrior.
The orc warrior is heavily wounded.
The searing ray hits something.
The searing ray hits the orc.
You kill the orc!
* * * LOW HITPOINT WARNING * * *
The orc warrior hits you from afar with a +0 trident!
You die...

.......# #.#
######## #.# #.#
#.# #.# #.# .
##.#####.####...#
..............)#
##.####@#####...#
#..o{)... .
########.


You could see an orc warrior.

Vanquished Creatures
  An orc priest (D:3)
  A jelly (D:3)
  3 adders
  2 ribbon worms (D:3)
  2 dart slugs
  15 orcs
  5 endoplasms
  4 giant cockroaches
  5 goblins
  8 hobgoblins
  4 quokkas
  4 ball pythons
  6 bats
  A frilled lizard (D:2)
  5 kobolds
  2 rats (D:3)
68 creatures vanquished.

Notes
Turn   | Place    | Note
-------+----------+-------------------------------------------
     0 | D:1      | xade the Djinni Conjurer began the quest for the Orb.
     0 | D:1      | xade set off with the following spells memorised: Magic
                  | Dart, Searing Ray, Fulminant Prism, Iskenderun's Mystic
                  | Blast.
     0 | D:1      | Reached XP level 1. HP: 15/15 MP: 0/0
    92 | D:1      | Reached XP level 2. HP: 19/21 MP: 0/0
   305 | D:1      | Reached XP level 3. HP: 23/25 MP: 0/0
   305 | D:1      | Learned a level 1 spell: Freeze
  1320 | D:3      | Reached XP level 4. HP: 12/31 MP: 0/0
  1770 | D:3      | Reached XP level 5. HP: 28/36 MP: 0/0
  1770 | D:3      | Learned a level 2 spell: Call Imp
  2323 | D:4      | Reached skill level 1 in Fighting
  2323 | D:4      | Reached skill level 5 in Spellcasting
  2323 | D:4      | Reached skill level 5 in Conjurations
  2323 | D:4      | Reached skill level 5 in Hexes
  2323 | D:4      | Reached skill level 5 in Summonings
  2323 | D:4      | Reached skill level 5 in Necromancy
  2323 | D:4      | Reached skill level 5 in Translocations
  2323 | D:4      | Reached skill level 5 in Fire Magic
  2323 | D:4      | Reached skill level 5 in Ice Magic
  2323 | D:4      | Reached skill level 5 in Air Magic
  2323 | D:4      | Reached skill level 5 in Earth Magic
  2323 | D:4      | Reached skill level 5 in Alchemy
  2376 | D:4      | Noticed an orc warrior
  2382 | D:4      | Mangled by an orc warrior

Illustrated notes

Levels and vault maps discovered:
D:1:      spicycebolla_arrival_risky_transporter, layout_rooms
D:2:      layout_loops_ring, minmay_misc_feat_columns
D:3:      layout_basic
D:4:      layout_loops_ring, overflow_temple_1_default,
          mainiacjoe_overflow_tiny_flanked, uniq_blork_the_orc

Skill      XL: |  1  2  3  4  5 |
---------------+----------------+-----
Stealth        | 2 |  2.1
Spellcasting   | 4 5 |  5.0
Conjurations   | 4 5 |  5.0
Hexes          | 4 5 |  5.0
Summonings     | 4 5 |  5.0
Necromancy     | 4 5 |  5.0
Translocations | 4 5 |  5.0
Fire Magic     | 4 5 |  5.0
Ice Magic      | 4 5 |  5.0
Air Magic      | 4 5 |  5.0
Earth Magic    | 4 5 |  5.0
Alchemy        | 4 5 |  5.0
Fighting       | 1 |  1.0
Dodging        | |  2.8

Action                     |  1- 3 |  4- 6 || total
---------------------------+-------+-------++-------
   Cast: Magic Dart        |    81 |    69 ||   150
         Searing Ray       |     1 |     3 ||     4
    Use: Scroll            |       |     9 ||     9
         Potion            |       |     1 ||     1
 Armour: Robe              |     5 |    12 ||    17
  Dodge: Dodged            |     6 |     9 ||    15
